 Dungeon Crawl Stone Soup version v3.33-hellcrawl-189-gd9da4bb (webtiles) character file.

1028 tyvek the Grappler (level 9, -1/85 HPs)
             Began as a Black Draconian Transmuter on Oct 24, 2017.
             Was a Believer of Cheibriados.
             Slain by an angry ghost (17 damage)
             ... on level 8 of the Dungeon.
             The game lasted 00:10:31 (6642 turns).

tyvek the Grappler (Black Draconian Transmuter)     Turns: 6642, Time: 00:10:32

Health: -1/85      AC:  6 (0%)Str: 18   XL:     9   Next: 46%
Magic:  10/10      EV: 10    Int: 20    God:    Cheibriados [2*[59]]
Gold:   516        SH:  0    Dex: 18    Spells: 6/16 levels left

rFire    x . .     SeeInvis .     - Unarmed
rCold    + + +     Faith    .   (shield currently unavailable)
rNeg     . . .     Spirit   .   (armour unavailable)
rPois    +         Reflect  .   (helmet currently unavailable)
rElec    .                      (cloak currently unavailable)
rCorr    .                      (gloves currently unavailable)
MR       .....                  (boots currently unavailable)
Stlth    ++........             (no amulet)
Regen    0.3/turn               X - +3 ring of dexterity
MPRegen  0.2/turn               (no ring)

@: ice-form, very slow
A: (breathe lightning), unfitting armour, AC +7
a: End Transformation, Bend Time, Renounce Religion


You were on level 8 of the Dungeon.
You worshipped Cheibriados.
Cheibriados was pleased with you.
You were not hungry.
You were a creature of crystalline ice.
You visited 1 branch of the dungeon, and saw 8 of its levels.
You also visited: Sewer.

You collected 516 gold pieces.


Innate Abilities, Weirdness & Mutations

((You can breathe wild blasts of lightning.))
((Your glossy black scales are hard. (AC +7)))
Your body does not fit into most forms of armour.
((You are resistant to electric shocks. (rElec)))
((You are cold-blooded and may be slowed by cold attacks.))


   Skills:
 - Level 4.0 Fighting
 - Level 1.7 Dodging
 + Level 8.9 Unarmed Combat
 - Level 4.0 Spellcasting
 + Level 7.2 Transmutations
 + Level 3.4 Ice Magic
 + Level 3.7 Invocations


You had 6 spell levels left.
You knew the following spells:

 Your Spells              Type           Power        Failure   Level  Hunger
c - Ice Form              Ice/Tmut       25 (100)     14%         4    ####...
p - Spider Form           Tmut           32 (200)     1%          3    ###....
t - Sticks to Snakes      Tmut/Summ      18 (100)     4%          2    #......
z - Beastly Appendage     Tmut           32 (50)      1%          1    None

Inventory:

Missiles
 a - 562 arrows
Armour
 e - a +0 cloak (melded)
Jewellery
 X - a +3 ring of dexterity (left front paw)
Wands
 o - a wand of digging (15)
 s - a wand of flame (7)
Scrolls
 b - 5 scrolls of enchant armour
 c - 4 scrolls of teleportation {@r4}
 d - 4 scrolls of magic mapping
 h - 2 scrolls of amnesia
 k - a scroll of blinking
 m - 2 scrolls of fear
 n - a scroll of fog
 u - a scroll of brand weapon
Potions
 f - 5 potions of curing {@q1}
 g - 5 potions of mutation
 i - 4 potions of lignification
 j - 2 potions of magic
 l - a potion of resistance
 p - 2 potions of cancellation
 q - a potion of ambrosia
 r - a potion of flight
 t - a potion of heal wounds {@q2}

Dungeon Overview and Level Annotations

Branches:
Dungeon (8/15)

Altars:
Cheibriados
Dithmenos
Elyvilon
Gozag
Hepliaklqana
Kikubaaqudgha
Makhleb
Nemelex Xobeh
Okawaru
Qazlal
Ru
Sif Muna
Trog
Uskayaw
Vehumet
Xom
Yredelemnul
Zin
The Shining One

#........ #
#.......#.#
.._....#.#
........##
./....... ......
####o.####.#
#.WY).......
#.##..####.# ...
#..#
..............#
.......###.####...
....... ...
.....#. #.##
....... ... ...


You could see an angry ghost and an orc.


Message History

The orc warrior hits you with a +0 war axe (13)!
* * * LOW HITPOINT WARNING * * *
You hit the orc warrior but do no damage.
The orc barely misses you. The angry ghost hits you (8)!
* * * LOW HITPOINT WARNING * * *
The orc warrior hits you with a +0 war axe (4).
* * * LOW HITPOINT WARNING * * *
You feel much better. The angry ghost closely misses you.
The orc hits you with a +0 dagger (1).
* * * LOW HITPOINT WARNING * * *
The orc warrior hits you with a +0 war axe (17)!
* * * LOW HITPOINT WARNING * * *
You hear a shout!
You pummel the orc warrior (22)!! You freeze the orc warrior (11)!
You kill the orc warrior!
Cheibriados appreciates the change of pace.
The angry ghost hits you (2).
* * * LOW HITPOINT WARNING * * *
The orc hits you but does no damage.
An orc comes into view. It is wielding a +0 whip.
You pummel the angry ghost (19)!! You freeze the angry ghost (2).
The angry ghost is heavily damaged.
The angry ghost barely misses you. The orc hits you but does no damage.
The orc moves out of view.
You pummel the angry ghost (18)!! You freeze the angry ghost (1).
The angry ghost is almost destroyed.
The orc hits you with a +0 dagger (2).
* * * LOW HITPOINT WARNING * * *
The angry ghost hits you (17)!
You die...

Skill      XL: |  1  2  3  4  5  6  7  8  9 |
---------------+----------------------------+-----
Unarmed Combat | 4 5 6 8 |  8.9
Transmutations | 3 4 5 6 7 |  7.2
Fighting       | 3 4 |  4.0
Invocations    | 2 3 |  3.7
Ice Magic      | 2 3 |  3.4
Spellcasting   | 3 4 |  4.0
Dodging        | |  1.7

Action                   |  1- 3 |  4- 6 |  7- 9 || total
-------------------------+-------+-------+-------++-------
Melee: Unarmed           |   131 |   161 |   200 ||   492
       Kick              |    16 |       |       ||    16
       Tailslap          |     3 |       |       ||     3
 Cast: Beastly Appendage |     1 |       |       ||     1
       Spider Form       |     1 |       |       ||     1
       Sticks to Snakes  |       |       |     6 ||     6
       Ice Form          |       |       |     1 ||     1
 Abil: End Transformatio |       |       |     1 ||     1
  Use: Potion            |     1 |     3 |     3 ||     7
 Stab: Sleeping          |     1 |     2 |     4 ||     7
Armor: Skin              |    42 |    16 |    17 ||    75
Dodge: Dodged            |    81 |   172 |   163 ||   416

Vault maps used:
D:1:      scummos_arrival_star
D:2:      chequers_ecumenical_altar_twisty
D:3:      tgw_trog, hangedman_ru_absence, overflow_temple_1_default
D:4:      kennysheep_mini_moat, nicolae_dithmenos_through_a_glass_darkly,
          overflow_temple_1_default, overflow_temple_1_default, tso_altar,
          portal_sewer_entry_f
D:5:      tgw_xom, overflow_temple_1_default, elyvilon_altar_5, uniq_grinder
D:6:      nemelex_xobeh_ov_fountains_minmay, lemuel_doored_altar,
          okawaru_trees_2, uniq_duvessa, uniq_sigmund
D:7:      grunt_gozag_statues, zin_angel, grunt_temple_overflow_diamond,
          serial_corexii_hall, corexii_hall_statues_i, corexii_hall_statues_u,
          corexii_hall_statues_x, corexii_hall_statues_i
D:8:      basic_altar
Sewer:    sewer_co_purgy_island

Notes
Turn   | Place    | Note
-------+----------+-------------------------------------------
     0 | D:1      | tyvek the Draconian Transmuter began the quest for the Orb.
     0 | D:1      | Reached XP level 1. HP: 16/16 MP: 3/3
   282 | D:1      | Reached XP level 2. HP: 23/23 MP: 4/4
   286 | D:1      | Learned a level 2 spell: Sticks to Snakes
  1141 | D:2      | Reached skill level 4 in Unarmed Combat
  1141 | D:2      | Reached XP level 3. HP: 9/28 MP: 3/5
  1147 | D:2      | Learned a level 3 spell: Spider Form
  1807 | D:2      | Reached skill level 3 in Transmutations
  1807 | D:2      | Reached XP level 4. HP: 35/35 MP: 2/2
  1900 | D:2      | Found a faded altar of an unknown god.
  2246 | D:3      | Found a sacrificial altar of Ru.
  2257 | D:3      | Reached XP level 5. HP: 33/40 MP: 4/4
  2261 | D:3      | Reached skill level 5 in Unarmed Combat
  2691 | D:3      | Noticed a moth of wrath
  2694 | D:3      | Found a bloodstained altar of Trog.
  2784 | D:3      | Found a stormy altar of Qazlal.
  2845 | D:4      | Found a hazy altar of Hepliaklqana.
  2873 | D:4      | Found a glowing drain.
  2891 | Sewer    | Entered a sewer
  3026 | Sewer    | Noticed Purgy
  3042 | Sewer    | Killed Purgy
  3042 | Sewer    | Reached skill level 4 in Transmutations
  3042 | Sewer    | Reached XP level 6. HP: 47/47 MP: 5/5
  3508 | D:4      | Reached skill level 6 in Unarmed Combat
  3592 | D:4      | Found a deep blue altar of Sif Muna.
  3619 | D:4      | Found an ancient bone altar of Kikubaaqudgha.
  3634 | D:4      | Found a shadowy altar of Dithmenos.
  3888 | D:4      | Found a glowing golden altar of the Shining One.
  3985 | D:5      | Entered Level 5 of the Dungeon
  4014 | D:5      | Found a white marble altar of Elyvilon.
  4032 | D:5      | Noticed Grinder
  4034 | D:5      | Your scales start taking on a glossy black colour.
  4034 | D:5      | Reached XP level 7. HP: 40/52 MP: 7/7
  4034 | D:5      | Gained mutation: You are resistant to electric shocks. (rElec) [Black Draconian growth]
  4041 | D:5      | Killed Grinder
  4041 | D:5      | Reached skill level 7 in Unarmed Combat
  4041 | D:5      | Reached skill level 5 in Transmutations
  4185 | D:5      | Reached skill level 8 in Unarmed Combat
  4202 | D:5      | Found a snail-covered altar of Cheibriados.
  4317 | D:5      | Reached XP level 8. HP: 51/60 MP: 8/8
  4403 | D:5      | Became a worshipper of Cheibriados the Contemplative
  4454 | D:5      | Reached skill level 2 in Fighting
  4799 | D:5      | Reached skill level 6 in Transmutations
  4915 | D:5      | Found a shimmering altar of Xom.
  4934 | D:5      | Reached skill level 1 in Invocations
  5164 | D:6      | Reached skill level 1 in Ice Magic
  5269 | D:6      | Noticed Sigmund
  5292 | D:6      | Killed Sigmund
  5393 | D:6      | Noticed Duvessa
  5393 | D:6      | Noticed Dowan
  5409 | D:6      | Killed Duvessa
  5409 | D:6      | Reached skill level 2 in Invocations
  5417 | D:6      | Killed Dowan
  5417 | D:6      | Reached skill level 3 in Fighting
  5417 | D:6      | Reached skill level 3 in Spellcasting
  5578 | D:6      | Found a sparkling altar of Nemelex Xobeh.
  5643 | D:6      | Found a burning altar of Makhleb.
  5686 | D:6      | Reached skill level 2 in Ice Magic
  5714 | D:6      | Reached * piety under Cheibriados
  5720 | D:6      | Learned a level 4 spell: Ice Form
  5724 | D:6      | Found an iron altar of Okawaru.
  5928 | D:7      | Reached XP level 9. HP: 57/70 MP: 11/11
  6183 | D:7      | Found an opulent altar of Gozag.
  6213 | D:7      | Reached skill level 4 in Fighting
  6213 | D:7      | Reached skill level 3 in Invocations
  6265 | D:7      | Found a basalt altar of Yredelemnul.
  6271 | D:7      | Found a hide-covered altar of Uskayaw.
  6274 | D:7      | Found a radiant altar of Vehumet.
  6299 | D:7      | Found a glowing silver altar of Zin.
  6299 | D:7      | Noticed an angel
  6497 | D:7      | Reached skill level 3 in Ice Magic
  6503 | D:7      | Reached ** piety under Cheibriados
  6506 | D:7      | Reached skill level 7 in Transmutations
  6619 | D:8      | Found a shimmering altar of Xom.
  6624 | D:8      | Reached skill level 4 in Spellcasting
  6638 | D:8      | HP: 7/85 [orc warrior/+0 war axe (4)]
  6642 | D:8      | Slain by an angry ghost

Vanquished Creatures
  Grinder (D:5)
  Sigmund (D:6)
  Purgy (Sewer)
  Duvessa (D:6)
  2 orc warriors
  3 ice beasts
  2 black bears
  2 ogres
  A centaur (D:6)
  A gnoll sergeant (D:6)
  Dowan (D:6)
  2 scorpions
  3 killer bees (D:8)
  2 crimson imps
  4 wights (D:7)
  2 howler monkeys
  2 quasits
  A centaur zombie (D:5)
  A hound (D:4)
  2 jellies
  A bullfrog skeleton (D:5)
  3 orc priests
  2 orc wizards
  2 iguanas
  A killer bee zombie (D:7)
  A hound zombie (D:7)
  2 hound skeletons
  10 adders
  4 gnolls (D:6)
  A shadow imp (D:6)
  3 oozes
  An adder skeleton (D:4)
  A dart slug (D:1)
  26 orcs
  6 quokkas
  4 giant cockroaches
  9 goblins
  2 hobgoblins
  4 jackals
  5 ball pythons
  9 bats
  7 frilled lizards
  8 kobolds
  12 rats
159 creatures vanquished.

Vanquished Creatures (collateral kills)
  A hound zombie (D:6)
1 creature vanquished.

Grand Total: 160 creatures vanquished
